 Dungeon Crawl Stone Soup version 0.28.0-43-g3370ac3207 (webtiles) character file.

Game seed: 15812917474932544571

7 rlgrobin the Skirmisher (level 2, -2/19 HPs)
             Began as a Gargoyle Cinder Acolyte on Mar 4, 2022.
             Was a High Priest of Ignis.
             Slain by an endoplasm (3 damage)
             ... on level 1 of the Dungeon.
             The game lasted 00:00:26 (237 turns).

rlgrobin the Skirmisher (Gargoyle Cinder Acolyte)    Turns: 237, Time: 00:00:26

Health: -2/19      AC:  4    Str: 17    XL:     2   Next: 0%
Magic:  4/4        EV: 11    Int: 14    God:    Ignis [*****.]
Gold:   0          SH:  0    Dex:  5    Spells: 3/3 levels left

rFire   + . .      SeeInvis .   a - -1 mace (flame)
rCold   . . .      Faith    .   (no shield)
rNeg    + . .      Spirit   .   b - +0 robe
rPois   ∞          Reflect  .   (no helmet)
rElec   +          Harm     .   (no cloak)
rCorr   .          Rampage  .   (no gloves)
Will    .....                   (no boots)
Stlth   +.........              (no amulet)
HPRegen 0.06/turn               (no ring)
MPRegen 0.09/turn               (no ring)

@: no status effects
A: sickness immunity, AC +2, negative energy resistance 1, electricity
resistance, torment resistance 1, petrification resistance
a: Renounce Religion, Fiery Armour, Foxfire Swarm, Rising Flame


You were on level 1 of the Dungeon.
You worshipped Ignis.
Ignis was extremely pleased with you.
You visited 1 branch of the dungeon, and saw 1 of its levels.

Inventory:

Hand Weapons
 a - a -1 mace of flaming (weapon)
Armour
 b - a +0 robe (worn)
 c - a +0 chain mail


   Skills:
 - Level 3.2 Fighting
 - Level 3.0 Maces & Flails
 + Level 1.4 Spellcasting
 + Level 3.2 Fire Magic


You had 3 spell levels left.
You didn't know any spells.
Your spell library contained the following spells:

 Spells                   Type           Power      Damage    Failure   Level
 Scorch                   Fire           20%        2d6       10%         2


Dungeon Overview and Level Annotations

Branches:
Dungeon (1/15)

Altars:


Innate Abilities, Weirdness & Mutations

You are immune to sickness and miasma.
Your stone body is resilient. (AC +2)
You are immune to poison.
You resist negative energy. (rN+)
You are resistant to electric shocks. (rElec)
You are resistant to unholy torment.
You are immune to petrification.


Message History

You closely miss the goblin. The goblin closely misses you.
You barely miss the goblin. The goblin hits you but does no damage.
You hit the endoplasm. You burn the endoplasm.
The endoplasm is heavily wounded.
The goblin barely misses you. The endoplasm hits you.
The goblin barely misses you. The endoplasm freezes you.
You are frozen.
* * * LOW HITPOINT WARNING * * *
You are too injured to fight recklessly!
You take 6 damage, and have 8/14 hp.
You are too injured to fight recklessly!
The endoplasm jiggles.
The hobgoblin barely misses you.
You see here a jackal corpse.
The goblin completely misses you.
You sock the goblin! You burn the goblin.
You kill the goblin!
The hobgoblin hits you.
* * * LOW HITPOINT WARNING * * *
You see here a +0 dagger.
You closely miss the hobgoblin. The hobgoblin closely misses you.
You take 4 damage, and have 5/14 hp.
You barely miss the hobgoblin.
The hobgoblin hits you but does no damage.
You closely miss the hobgoblin. The hobgoblin hits you.
* * * LOW HITPOINT WARNING * * *
The hobgoblin barely misses you.
You take 2 damage, and have 3/14 hp.
You sock the hobgoblin! You burn the hobgoblin.
You kill the hobgoblin!
You have reached level 2!
You barely miss the endoplasm.
The endoplasm hits you but does no damage.
You hit the endoplasm but do no damage. The endoplasm freezes you.
You are frozen.
* * * LOW HITPOINT WARNING * * *
The endoplasm hits you.
You die...

#### #...# #..####
#....# ###.@# .#
##.#J# #. #.##J#
#.# ##.##.#
#..###..##.#######.
#.(#..##..........
#..#..##..#######..
#...###..#######..
#.<.#
#...††.....>#.


You could see 2 endoplasms.

Vanquished Creatures
  A giant cockroach (D:1)
  A goblin (D:1)
  A hobgoblin (D:1)
  2 jackals (D:1)
5 creatures vanquished.

Notes
Turn   | Place    | Note
-------+----------+-------------------------------------------
     0 | D:1      | rlgrobin the Gargoyle Cinder Acolyte began the quest for
                  | the Orb.
     0 | D:1      | Reached XP level 1. HP: 14/14 MP: 2/2
   236 | D:1      | Reached XP level 2. HP: 4/19 MP: 4/4
   237 | D:1      | HP: 1/19 [frozen (3)]
   237 | D:1      | Slain by an endoplasm

Illustrated notes

Levels and vault maps discovered:
D:1:      dpeg_arrival_simpleton_a, layout_basic, fountainhead

Action                   || total
-------------------------++-------
Melee: Mace              ||    17
Armor: Robe              ||     8
Dodge: Dodged            ||     9
